AoeStats
← sojaa

Arabia

503699749Analyzed
1v1 RM · 1mo ago on Sep 1, 2026· 67m 21s· 2 players
Game mode
Random Map
Map size
Tiny (2 player)
Population
200
Speed
Normal
Resources
Standard
Victory
Conquest
Starting age
Dark Age
Ending age
Imperial Age
RankedLock teamsTeams togetherTeam positionsShared explorationLock speedFull tech treeHidden civsTurbo modeCheats
Victory
Defeat
🇪🇸 Mongols · Spain
1322
+14
🇦🇷 Chinese · Argentina
1285
-14
tengo_hambre_3000
0:26 Loom
9:08 Feudal Age
10:29 Double-Bit Axe
13:00 Fletching
17:11 Wheelbarrow
21:48 Castle Age
19:49 Padded Archer Armor
20:01 Gold Mining
22:32 Bodkin Arrow
22:02 Crossbowman
24:01 Scale Barding Armor
25:34 Husbandry
26:39 Town Watch
27:07 Thumb Ring
28:00 Ballistics
29:13 Leather Archer Armor
29:35 Scale Mail Armor
30:15 Guard Tower
31:44 Forging
37:02 Chain Mail Armor
39:46 Iron Casting
41:59 Light Cavalry
44:11 Squires
46:47 Arson
47:46 Bow Saw
54:18 Imperial Age
52:31 Gold Shaft Mining
52:35 Elite Skirmisher
54:37 Fortified Wall
54:43 Hand Cart
55:22 Conscription
56:35 Plate Mail Armor
57:18 Chemistry
60:49 Bracer
63:09 Blast Furnace
sojaa
8:51 Feudal Age
8:48 Loom
9:27 Double-Bit Axe
13:44 Fletching
14:30 Horse Collar
17:59 Padded Archer Armor
21:52 Castle Age
20:25 Gold Mining
20:52 Bloodlines
21:33 Scale Barding Armor
22:42 Forging
39:01 Chain Barding Armor
39:28 Iron Casting
39:19 Bodkin Arrow
40:23 Padded Archer Armor
47:37 Wheelbarrow
49:19 Hand Cart
54:13 Imperial Age
53:56 Light Cavalry
54:38 Husbandry
55:28 Leather Archer Armor
56:56 Hoardings
Connection lost

Rejoining the realm…

Still unreachable

The connection could not be restored.

Session expired

The server has moved on; the page needs a fresh start.